 Dungeon Crawl Stone Soup version 0.22-a0-603-gfc1114d (webtiles) character file.

49 sking99 the Ruffian (level 3, 0/29 HPs)
             Began as a Draconian Transmuter on July 7, 2018.
             Slain by a kobold
             ... wielding a +0 whip
              (7 damage)
             ... on level 2 of the Dungeon.
             The game lasted 00:01:50 (1068 turns).

sking99 the Ruffian (Draconian Transmuter)          Turns: 1068, Time: 00:01:51

Health: 0/29       AC:  5    Str: 12    XL:     3   Next: 51%
Magic:  1/6        EV: 12    Int: 14    God:
Gold:   124        SH:  0    Dex: 11    Spells: 3/6 levels left

rFire    . . .     SeeInvis .     - Unarmed
rCold    . . .     Gourm    .   (no shield)
rNeg     . . .     Faith    .   (armour unavailable)
rPois    .         Spirit   .   (helmet restricted)
rElec    .         Reflect  .   (no cloak)
rCorr    .         Harm     .   (no gloves)
MR       .....                  (no boots)
Stlth    +.........             (no amulet)
HPRegen  0.09/turn              (no ring)
MPRegen  0.10/turn              (no ring)

@: lethally poisoned (0 -> -2), very slightly contaminated
A: unfitting armour, cold-blooded, AC +5
a: no special abilities


You were on level 2 of the Dungeon.
You were hungry.

You visited 1 branch of the dungeon, and saw 2 of its levels.

You collected 124 gold pieces.

Inventory:

Missiles
 a - 10 arrows
Armour
 g - a +0 buckler
Jewellery
 h - an uncursed amulet of guardian spirit {unknown}
Scrolls
 e - a scroll of identify {unknown}
 i - a scroll of blinking {unknown}
Potions
 d - a potion of curing {unknown}
 f - a potion of might {unknown}
Comestibles
 b - a chunk of flesh
 c - 4 rations


   Skills:
 + Level 2.1 Fighting
 - Level 1.7 Dodging
 + Level 0.2 Shields
 * Level 4.0 Unarmed Combat
 - Level 2.0 Spellcasting
 * Level 2.2 Transmutations


You had 3 spell levels left.
You knew the following spells:

 Your Spells              Type           Power        Failure   Level  Hunger
a - Beastly Appendage     Tmut           #.....       10%         1    ##.....
b - Sticks to Snakes      Tmut           #.......     14%         2    ###....

Your spell library contained the following spells:

 Spells                   Type           Power        Failure   Level  Hunger
 Spider Form              Tmut/Pois      #.........   41%         3    ####...
 Blade Hands              Tmut           #.........   95%         5    ######.
 Ice Form                 Ice/Tmut       #.......     83%         4    #####..


Dungeon Overview and Level Annotations

Branches:
Dungeon (2/15)

Altars:


Innate Abilities, Weirdness & Mutations

Your plain brown scales are hard. (AC +5)
You cannot fit into any form of body armour.
You are cold-blooded and may be slowed by cold attacks.


Message History

You punch the adder!
You kill the adder!
The kobold hits you with a whip. The worm misses you.
Your adder bites the worm.
You hit the worm but do no damage.
The worm is severely wounded.
Your adder bites the worm but does no damage.
The kobold hits you with a whip.
You hit the worm but do no damage.
The worm is severely wounded.
You feel sick.
Your adder bites the worm.
The worm closely misses you. The kobold hits you with a whip.
* * * LOW HITPOINT WARNING * * *
Your adder barely misses the worm.
The kobold throws a stone.
The stone hits you but does no damage.
You see here a stone.
Your adder misses the kobold.
Your adder barely misses the kobold.
The hobgoblin misses your adder.
You feel sick. The kobold hits you with a whip!
You die...

##
########.[.
##)(......#
##...<..(.##
#...((†....#
#...w......#
#...KSg....#
#..@....[.)#
#............
##........##.
..........#
#.....!....#
#..........#
#..........
#..........


You could see a worm, a hobgoblin, a kobold and a friendly adder.

Vanquished Creatures
  A gnoll (D:1)
  An adder (D:2)
  4 dart slugs (D:1)
  A leopard gecko (D:1)
  4 bats (D:1)
  A giant cockroach (D:1)
  3 goblins (D:1)
  3 hobgoblins (D:1)
  2 kobolds (D:1)
  2 frilled lizards (D:1)
  2 rats (D:1)
24 creatures vanquished.

Notes
Turn   | Place    | Note
-------+----------+-------------------------------------------
     0 | D:1      | sking99 the Draconian Transmuter began the quest for the Orb.
     0 | D:1      | Reached XP level 1. HP: 16/16 MP: 3/3
    42 | D:1      | Reached XP level 2. HP: 17/23 MP: 3/5
   464 | D:1      | Reached XP level 3. HP: 28/29 MP: 6/6
   468 | D:1      | Learned a level 2 spell: Sticks to Snakes
   914 | D:1      | Reached skill level 4 in Unarmed Combat
  1068 | D:2      | Slain by a kobold

Vault maps used:
D:1:      dpeg_arrival_erosion, nrook_mini_backslash

Skill      XL: |  1  2  3 |
---------------+----------+-----
Fighting       | 2 |  2.1
Unarmed Combat | 4 |  4.0
Dodging        | |  1.7
Shields        | |  0.2
Spellcasting   | |  2.0
Transmutations | |  2.2

Action                   || total
-------------------------++-------
Melee: Unarmed           ||    89
       Tailslap          ||     5
       Kick              ||     1
       Punch             ||     2
 Cast: Beastly Appendage ||     1
       Sticks to Snakes  ||     2
Armor: Skin              ||    27
Dodge: Dodged            ||    71

Table legend:
 A = Spawn XP
 B = Non-spawn XP
 C = Spawn XP percentage of total XP
 D = Spawn monster count
 E = Non-spawn monster count
 F = Spawn count percentage of total count
 G = Total turns spent on level
                    A         B        C        D         E        F      G
               +---------+---------+-------+---------+---------+-------+---------
         Total |       0 |      70 |   0.0 |       0 |      24 |   0.0 |  1068
               +---------+---------+-------+---------+---------+-------+---------
           D:1 |       0 |      61 |   0.0 |       0 |      23 |   0.0 |  1043
           D:2 |       0 |       9 |   0.0 |       0 |       1 |   0.0 |    25
               +---------+---------+-------+---------+---------+-------+---------
